 Dungeon Crawl Stone Soup version 0.30-b1-2-g02819fbbbe (webtiles) character file.

Game seed: 9049548103057887964

5 Arzdou the Chiller (level 1, -1/13 HPs)
             Began as a Merfolk Ice Elementalist on May 10, 2023.
             Succumbed to an adder's poison
             ... on level 2 of the Dungeon.
             The game lasted 00:00:39 (478 turns).

Arzdou the Chiller (Merfolk Ice Elementalist)        Turns: 478, Time: 00:00:40

Health: -1/13      AC:  2    Str:  8    XL:     1   Next: 80%
Magic:  1/3        EV: 13    Int: 14    God:
Gold:   34         SH:  0    Dex: 14    Spells: 3/4 levels left

rFire   . . .        (no weapon)
rCold   . . .        (no shield)
rNeg    . . .        a - +0 robe
rPois   .            (no helmet)
rElec   .            (no cloak)
rCorr   .            (no gloves)
SInv    .            (no boots)
Will    .....        (no amulet)
Stlth   ++           (no ring)
HPRegen 0.22/turn    (no ring)
MPRegen 0.08/turn

%: no passive effects
@: lethally poisoned (-1 -> -10), very slightly contaminated
A: (nimble swimmer 2), mertail
a: no special abilities


You were on level 2 of the Dungeon.
You visited 1 branch of the dungeon, and saw 2 of its levels.

You collected 34 gold pieces.

Inventory:

Armour
 a - a +0 robe (worn)
Scrolls
 d - 2 scrolls of identify {unknown}
 f - a scroll of magic mapping {unknown}
 g - a scroll of teleportation {unknown}
Potions
 b - a potion of magic
 c - a potion of might {unknown}
 e - a potion of degeneration {unknown}
 h - a potion of mutation {unknown}
 i - 2 potions of attraction {unknown}
 j - a potion of invisibility {unknown}


   Skills:
 + Level 2.9 Dodging
 + Level 2.3 Stealth
 + Level 2.1 Spellcasting
 + Level 4.4 Ice Magic


You had 3 spell levels left.
You knew the following spells:

 Your Spells              Type           Power      Damage    Failure   Level
a - Freeze                Ice            56%        1d7       3%          1

Your spell library contained the following spells:

 Spells                   Type           Power      Damage    Failure   Level
 Frozen Ramparts          Ice            28%        1d5       11%         3
 Ozocubu's Armour         Ice            14%        N/A       11%         3
 Summon Ice Beast         Ice/Summ       7%         N/A       67%         4


Dungeon Overview and Level Annotations

Branches:
Dungeon (1/15)

Altars:

Shops:
D:2 *


Innate Abilities, Weirdness & Mutations

((You are very nimble when in or above water. (Stealth+, EV+, Speed+++)))
Your lower body shifts to a powerful aquatic tail in water.


Message History

The frilled lizard hisses angrily.
A bat comes into view.
The bat barely misses you.
An adder comes into view.
The frilled lizard completely misses you.
Okay, then.
Okay, then.
You freeze the frilled lizard.
You kill the frilled lizard!
The bat barely misses you.
A hobgoblin comes into view.
The bat completely misses you. The bat hits you. The bat barely misses you.
The bat hits you but does no damage. The adder bites you.
You freeze the adder.
The adder is moderately wounded.
The adder bites you. The bat hits you but does no damage. The adder bites you.
You are poisoned.
The adder poisons you!
You miscast Freeze.
You are very lightly contaminated with residual magic.
Nothing appears to happen.
You feel sick. The bat hits you. The adder closely misses you.
You are too injured to fight recklessly!
Unknown command.
You are too injured to fight recklessly!
You miss the adder.
The adder is moderately wounded.
You feel sick. The bat hits you but does no damage. The adder misses you.
The bat misses you.
You closely miss the adder.
The adder is moderately wounded.
You feel sick. The adder bites you.
* * * LOW HITPOINT WARNING * * *
You are more poisoned.
The adder poisons you! The bat barely misses you. The adder closely misses you.
You barely miss the adder.
The adder is moderately wounded.
You die...

# #.#...# ##....
##. #.#...# # ####.
...# #.#...#.## #.
...#####..†.....#
#. #.....#.....##
#.
#......#####.#####.
##............†....
+.S#..#####.####.#
##@b#..##### #.#
###........... #..
####...##.#...# ###
#...........#.# #
...#######.###.####
# ## #........# #
#........# #
#........# #
#########........#
###


You could see an adder and a bat.

Vanquished Creatures
  An endoplasm (D:2)
  A hobgoblin (D:1)
  A kobold (D:2)
  A bat (D:2)
  A frilled lizard (D:2)
5 creatures vanquished.

Notes
Turn   | Place    | Note
-------+----------+-------------------------------------------
     0 | D:1      | Arzdou the Merfolk Ice Elementalist began the quest for the
                  | Orb.
     0 | D:1      | Reached XP level 1. HP: 13/13 MP: 3/3
   230 | D:1      | You fall into a shaft and drop 1 floor!
   231 | D:2      | Found Ozioha's Assorted Antiques.
   478 | D:2      | Succumbed to an adder's poison

Illustrated notes

Levels and vault maps discovered:
D:1:      dpeg_cavernosity, layout_loops_ring,
          hellmonk_ecumenical_altar_run_dry, minmay_tall_x
D:2:      layout_loops_cross, serial_shops, shop, minmay_divided_ellipse,
          uniq_crazy_yiuf_cottage, uniq_jessica

Action                     || total
---------------------------++-------
  Melee: Unarmed           ||     5
   Cast: Freeze            ||     7
 Armour: Robe              ||     5
  Dodge: Dodged            ||    13
